[Event "*** Titled Tuesday Blitz"]
[Site "Chess.com"]
[Date "2019.06.04"]
[Round "4"]
[White "awesomevishesh"]
[Black "tteshan"]
[Result "1-0"]
[WhiteElo "2435"]
[BlackElo "2250"]
[TimeControl "180+2"]
[EndTime "13:52:23 PDT"]
[Termination "awesomevishesh won by resignation"]

1. e4 c5 2. Nf3 Nc6 3. Bb5 Nd4 4. Nxd4 cxd4 5. O-O g6 6. c3 Bg7 7. Re1 a6 8. Bc4 dxc3 9. bxc3 e6 10. d4 Ne7 11.
Bb3 O-O 12. e5 d6 13. exd6 Qxd6 14. Ba3 Qc7 15. Nd2 Rd8 16. Ne4 Nd5 17. Rc1 b6 18. c4 Nf6 19. Nxf6+ Bxf6 20. d5 exd5 21. cxd5 Qf4 22.
Rc4 Qf5 23. Rc7 Be5 24. d6 Be6 25. Bxe6 fxe6 26. g3 g5 27. Qb3 Rab8 28. Re7 Re8 29. Rxe8+ Rxe8 30. Qxb6 Bf6 31. d7 Rd8 32. Qxe6+ Qxe6 33. Rxe6 Kf7 34. Rxa6 Rxd7 35. Bc5 Rd1+ 36. Kg2 Rd2 37. Be3 Rb2 38. a4 Ra2 39. Ra7+ Kg6 40. a5 h6 41. a6 Be5 42. Ra8 Kg7 43. a7 1-0

[Event "*** Titled Tuesday Blitz"]
[Site "Chess.com"]
[Date "2019.06.04"]
[Round "4"]
[White "akretchetov"]
[Black "IMDT02"]
[Result "1-0"]
[WhiteElo "2363"]
[BlackElo "2479"]
[TimeControl "180+2"]
[EndTime "13:52:24 PDT"]
[Termination "akretchetov won on time"]

1. Nf3 f5 2. d3 Nf6 3. e4 fxe4 4. dxe4 Nxe4 5. Bd3 Nf6 6. Ng5 e5 7. Nxh7 d6 8. Bg6+ Ke7 9. Nxf6 gxf6 10. O-O Be6 11. Bd3 Bh6 12. Bxh6 Rxh6 13. Nc3 Qh8 14. h3 c6 15. Qf3 Nd7 16. Rad1 Bxh3 17. g3 Bxf1 18. Bxf1 Nb6 19. b4 Rd8 20. b5 d5 21. bxc6 bxc6 22. Ne2 e4 23. Qa3+ Ke8 24. Bg2 Rh7 25. Nd4 Rc8 26. Qd6 Qf8 27. Qe6+ Kd8 28. Nf5 Rd7 29. Bh3 Rcc7 30. Nd4 Rd6 31. Qf5 Nc4 32. Ne6+ Rxe6 33. Qxe6 Ne5 34. Kg2 Nf3 35. c4 Ng5 36. Qf5 Nxh3 37.
Qxh3 Rd7 38. cxd5 cxd5 39. Qe6 Qd6 40. Qg8+ Kc7 41. Rc1+ Kb6 42. Qc8 d4 43. Rb1+ Ka5 44.
Qc4 Qd5 45. Qb4+ Ka6 46. Qa4+ 1-0

[Event "*** Titled Tuesday Blitz"]
[Site "Chess.com"]
[Date "2019.06.04"]
[Round "4"]
[White "csati17"]
[Black "LonesomeGeorge1"]
[Result "1/2-1/2"]
[WhiteElo "2505"]
[BlackElo "2369"]
[TimeControl "180+2"]
[EndTime "13:52:24 PDT"]
[Termination "Game drawn - insufficient material"]

1. c4 e6 2. g3 d5 3. Bg2 Nf6 4. Nf3 Be7 5. O-O O-O 6. b3 a5 7.
Nc3 d4 8. Nb5 Nc6 9. Bb2 e5 10.
d3 Re8 11. Qd2 h6 12. e3 Bb4 13. Qe2 Bg4 14. h3 Bh5 15. a3 Bc5 16. exd4 exd4 17. Qd2 Qd7 18. Qf4 Bg6 19. Rfd1 Rad8 20. Qxc7 Re2 21.
Qxd7 Rxd7 22. b4 axb4 23. axb4 Nxb4 24. Bxd4 Bxd4 25. Nfxd4 Rb2 26. Bf1 h5 27. f4 Ne8 28. f5 Bh7 29. Re1 Rd8 30. Re7 g6 31. Ra7 Nd6 32. Nxd6 Rxd6 33. Raxb7 Rxd4 34. f6 Rd8 35.
Rxf7 Nxd3 36. Rg7+ Kf8 37. Bxd3 Rxb7 38. Rxb7 Rxd3 39. Rxh7 Rxg3+ 40. Kh2 Rf3 41. c5 Rxf6 42. Rc7 Rf2+ 43. Kg3 Rc2 44. Kf4 Rd2 45. Kg5 Rg2+ 46.
Kh6 Ke8 47. Rg7 Rg3 48. c6 Kd8 49. Rxg6 Rxh3 50. Rg7 Rc3 51. Rg6 Kc7 52. Kxh5 Rc5+ 53. Kh6 Rxc6 54. Rxc6+ Kxc6 1/2-1/2

[Event "*** Titled Tuesday Blitz"]
[Site "Chess.com"]
[Date "2019.06.04"]
[Round "4"]
[White "MrVenky"]
[Black "Niclox"]
[Result "1-0"]
[WhiteElo "2826"]
[BlackElo "2659"]
[TimeControl "180+2"]
[EndTime "13:52:28 PDT"]
[Termination "MrVenky won on time"]

1. e4 c5 2. Nc3 a6 3. g3 b5 4. Bg2 Bb7 5. Nge2 Nc6 6. d4 cxd4 7. Nxd4 g6 8. O-O Bg7 9. Be3 Rc8 10. a4 b4 11. Nd5 a5 12. Nb3 d6 13. Bb6 Qd7 14.
Bxa5 Nxa5 15. Nxa5 Bxd5 16. exd5 Bxb2 17. Rb1 Bc3 18. Nc6 Nf6 19. Qe2 Rc7 20. Nxb4 O-O 21. Nc6 Ng4 22. Rb3 Bf6 23. Bh3 h5 24. f3 Rxc6 25.
dxc6 Qa7+ 26. Kg2 Ne5 27. Qe4 Qc5 28. Rd1 Qxc6 29. Qxc6 Nxc6 30. Rb6 Na5 31. Rdb1 Nc4 32. Rb8 Ne3+ 33. Kh1 Nxc2 34. Rxf8+ Kxf8 35. a5 Bd4 36. a6 Ne3 37. Rb8+ Kg7 38. Rb7 Kf6 39. a7 Bxa7 40. Rxa7 e6 41. Ra3 Nc4 42. Rc3 d5 43. Bf1 Nd6 44. Kg2 Nf5 45. Kf2 Nd6 46. Rc6 Nf5 47. Bd3 Nd4 48. Rb6 Kg7 49. f4 f6 50. Ke3 e5 51. fxe5 fxe5 52. Rxg6+ 1-0

[Event "*** Titled Tuesday Blitz"]
[Site "Chess.com"]
[Date "2019.06.04"]
[Round "4"]
[White "Astaneh"]
[Black "Rumpel-VK"]
[Result "0-1"]
[WhiteElo "2540"]
[BlackElo "2551"]
[TimeControl "180+2"]
[EndTime "13:52:29 PDT"]
[Termination "Rumpel-VK won by resignation"]

1. Nf3 d5 2. c4 d4 3. b4 g5 4. Bb2 Bg7 5. e3 e5 6. exd4 exd4 7. Bd3 g4 8. Qe2+ Be6 9. Ne5 Qd6 10. Nxg4 h5 11. Ne3 Qxb4 12. Ba3 Qa5 13. Nd5 c6 14. Nf4 Qe5 15. Qxe5 Bxe5 16. Nxe6 fxe6 17. Bg6+ Kd8 18. d3 Ne7 19. Be4 Nd7 20. Nd2 Nf5 21. Rb1 Kc7 22.
Nf3 Bf6 23. h4 Rag8 24. g3 b6 25. Bc1 c5 26. Bf4+ Nd6 27. Nd2 e5 28. Bg5 Bxg5 29. hxg5 Rxg5 30. Rh4 Nf6 31. Bf3 Nf5 32. Rh3 h4 33. Ne4 Nxe4 34. Bxe4 Nd6 35. Bg2 Rgg8 36. Bd5 hxg3 37. Rxg3 Rxg3 38. fxg3 e4 39. Kf2 e3+ 40.
Kf3 Rf8+ 41. Kg4 Rf2 42. Rh1 b5 43. cxb5 Nxb5 44. Rh7+ Kd6 45. Bc4 e2 46. Rh6+ Kc7 47. Re6 Nc3 0-1

[Event "*** Titled Tuesday Blitz"]
[Site "Chess.com"]
[Date "2019.06.04"]
[Round "4"]
[White "Krupko_Alexey"]
[Black "axvesik"]
[Result "1-0"]
[WhiteElo "2303"]
[BlackElo "2373"]
[TimeControl "180+2"]
[EndTime "13:52:33 PDT"]
[Termination "Krupko_Alexey won by resignation"]

1. e4 e6 2. d4 d5 3. Nc3 Bb4 4.
e5 b6 5. Qg4 Bf8 6. Bg5 Qd7 7.
h4 Ba6 8. Bxa6 Nxa6 9. O-O-O c5 10. Nf3 c4 11. h5 h6 12. Be3 b5 13. Ne2 b4 14. Kd2 Ne7 15. Nh4 Nc6 16. Ke1 b3 17.
axb3 cxb3 18. c3 Na5 19. Rh3 Nc4 20. Bc1 Nc7 21. f4 a5 22. f5 a4 23. f6 gxf6 24.
exf6 a3 25. bxa3 b2 26. Bxb2 Nxb2 27. Rb1 Nc4 28. Nf3 Nxa3 29. Ne5 Nxb1 30. Nxd7 Kxd7 31. Nf4 Na3 32. Nd3 Nc4 33. Ne5+ Nxe5 34. dxe5 Ra1+ 35. Kf2 Bc5+ 36. Kg3 Raa8 37. Kh2 Rhg8 38. Qf4 Rg5 39. g4 d4 40. cxd4 Nd5 41. Qe4 Bb6 42. Rb3 Ra4 43.
Rxb6 Ra2+ 44. Kh3 Ra3+ 45. Kh4 Re3 46. Rd6+ Kc7 47. Qc2+ Rc3 48. Qa4 Rxg4+ 49. Kxg4 Ne3+ 50.
Kf4 Ng2+ 51. Kg4 Ne3+ 52. Kh3 Nf5+ 53. Kg2 Nxd6 54. exd6+ Kxd6 55. Qb4+ 1-0

[Event "*** Titled Tuesday Blitz"]
[Site "Chess.com"]
[Date "2019.06.04"]
[Round "4"]
[White "Msb2"]
[Black "DanielMieles1985"]
[Result "1-0"]
[WhiteElo "2813"]
[BlackElo "2642"]
[TimeControl "180+2"]
[EndTime "13:52:34 PDT"]
[Termination "Msb2 won on time"]

1. d4 Nf6 2. c4 g6 3. Nc3 d5 4.
cxd5 Nxd5 5. e4 Nxc3 6. bxc3 Bg7 7. Bc4 c5 8. Ne2 Nc6 9. Be3 O-O 10. O-O b6 11.
Rc1 cxd4 12. cxd4 Bb7 13. Qd2 Rc8 14. Rfd1 Qd6 15. h4 Na5 16. Bd3 Rxc1 17. Rxc1 Rc8 18.
h5 Rxc1+ 19. Qxc1 Qc6 20. Qa3 Bf8 21. d5 Qc8 22. Qa4 e6 23. Nf4 e5 24. Ne2 Bd6 25.
h6 Kf8 26. Bg5 Be7 27. Bd2 Qc5 28. Qd7 Qc8 29. Qb5 Qc5 30. Qb2 Bd6 31. Be3 Qb4 32.
Qc1 f6 33. f4 Bc5 34. Kf2 Ke7 35. fxe5 fxe5 36. Kf3 Bxe3 37. Qxe3 Qd6 38. Kg3 Bc8 39. Ng1 Nb7 40. Nf3 Nc5 41. Ng5 Qf6 42. Bc2 Qf1 43.
Nxh7 Nd7 44. Qg5+ Kf7 45. d6 Nf6 46. Bb3+ 1-0

[Event "*** Titled Tuesday Blitz"]
[Site "Chess.com"]
[Date "2019.06.04"]
[Round "4"]
[White "Veiso"]
[Black "Haykos"]
[Result "1/2-1/2"]
[WhiteElo "2413"]
[BlackElo "2574"]
[TimeControl "180+2"]
[EndTime "13:52:40 PDT"]
[Termination "Game drawn by agreement"]

1. d4 d5 2. c4 dxc4 3. e4 c5 4.
d5 e6 5. Bxc4 Nf6 6. Nc3 exd5 7.
exd5 Bd6 8. Nf3 a6 9. a4 O-O 10. O-O Nbd7 11. h3 h6 12. a5 Qc7 13. Re1 Ne5 14.
Nxe5 Bxe5 15. Qf3 Bd7 16. Bd2 Rae8 17. Re2 Bh2+ 18. Kh1 Rxe2 19. Qxe2 Re8 20. Qf3 Be5 21. Re1 Qxa5 22. Ne4 Qc7 23. d6 Qd8 24. Nxc5 Bc6 25. Qb3 Qxd6 26. Bxf7+ Kf8 27. Bb4 Re7 28. Nd3 Bxg2+ 29. Kxg2 Qc6+ 30. Kg1 Bd6 31. Bxd6 Qxd6 32. Rxe7 Qxe7 33. Bg6 Nd7 34. Nf4 Nc5 35. Qd5 Qg5+ 36. Qxg5 hxg5 37. Nd5 Na4 38. b3 Nc5 39. Bc2 Ke8 40. Kg2 Kd7 41. Kg3 Kd6 42. Ne3 b5 43.
Kg4 Ne6 44. Kf5 a5 45. Kg6 Nf4+ 46. Kxg5 Nxh3+ 47. Kg6 Nxf2 48. Kxg7 Ke5 49. Kf7 Kd4 50. Nd1 Nxd1 51. Bxd1 Kc3 52. Ke6 Kd2 53. Bf3 Kc3 54. Bd5 a4 55. bxa4 bxa4 56. Kd6 a3 1/2-1/2

[Event "*** Titled Tuesday Blitz"]
[Site "Chess.com"]
[Date "2019.06.04"]
[Round "4"]
[White "FMJoseHerrera"]
[Black "TheRigos"]
[Result "0-1"]
[WhiteElo "2603"]
[BlackElo "2425"]
[TimeControl "180+2"]
[EndTime "13:52:41 PDT"]
[Termination "TheRigos won by resignation"]

1. Nf3 Nf6 2. g3 g6 3. Bg2 Bg7 4. d3 O-O 5. Nc3 d5 6. h4 b6 7. h5 Nxh5 8. Bg5 Bb7 9. Qd2 d4 10. Nb1 Re8 11. Bh6 e5 12. Bxg7 Kxg7 13. Na3 Nd7 14.
Rh4 c5 15. O-O-O Nf8 16. Rdh1 e4 17. dxe4 Bxe4 18. g4 Nf6 19. Qh6+ Kg8 20. Nc4 Qd5 21. b3 Rad8 22. Ncd2 b5 23. Nxe4 Nxe4 24. Nd2 c4 25. g5 Qxg5 26. Bxe4 Qxh6 27. Rxh6 c3 28. Bd3 cxd2+ 29. Kxd2 a6 30. R1h4 Re5 31. f3 Rd6 32. a3 Rc6 33. Rxd4 Kg7 34. Rh2 h5 35. Rdh4 Ne6 36. Rg2 Kf6 37. f4 Rd5 38. e4 Rd4 39. e5+ Ke7 40. Rf2 g5 41. Rxh5 gxf4 42. Rh7 Rc5 43. Re2 f3 44. Rf2 Rxe5 45. Rh8 Rf4 46. Ra8 Nc5 47. Ra7+ Kf6 48. Bf1 Ne4+ 49. Ke3 Rff5 50.
Rxf3 Ng5+ 51. Kd4 Nxf3+ 52. Kc3 Rc5+ 53. Kb2 Ne1 54. Bd3 Nxd3+ 55. cxd3 Rf2+ 56. Kb1 Re5 57. Rxa6+ Kf5 58. Rc6 Re1+ 59. Rc1 Rxc1+ 60. Kxc1 Ke5 61. a4 bxa4 62. bxa4 Kd4 63. a5 Kxd3 64. a6 Ra2 0-1

[Event "*** Titled Tuesday Blitz"]
[Site "Chess.com"]
[Date "2019.06.04"]
[Round "4"]
[White "ChessWeebs"]
[Black "pultineviciuspaulius"]
[Result "1-0"]
[WhiteElo "2781"]
[BlackElo "2725"]
[TimeControl "180+2"]
[EndTime "13:52:42 PDT"]
[Termination "ChessWeebs won by resignation"]

1. Nf3 Nf6 2. g3 g6 3. Bg2 Bg7 4. c4 c6 5. O-O O-O 6. b3 Ne4 7.
d4 d5 8. Bb2 a5 9. Nc3 Bf5 10.
Nh4 Nxc3 11. Bxc3 Be6 12. Qd3 Na6 13. a3 a4 14. cxd5 Bxd5 15. bxa4 Bxg2 16. Nxg2 Nc5 17. dxc5 Qxd3 18. exd3 Bxc3 19. Rab1 Rfb8 20. Rfc1 Bf6 21. Rc4 Ra5 22. d4 Rd8 23. Rbb4 e5 24. Ne1 Rxd4 25.
Rxd4 exd4 26. Nd3 Ra7 27. Kf1 Kf8 28. Ke2 Ke7 29. Kd2 Ke6 30. Kc2 Kd5 31. Kb3 Ke4 32.
Kc4 Kf3 33. h4 h5 34. Kb3 Bg7 35. a5 Bf6 36. a6 bxa6 37. Rb6 Ke2 38. Kc2 Rc7 39.
Rxa6 Be7 40. a4 f5 41. a5 f4 42. Rb6 f3 43. a6 Ra7 44. Rb7 Rxa6 45. Rxe7+ Kf1 46.
Kb3 Ra1 47. Re6 Rd1 48. Kc4 Rd2 49. Rxc6 Rc2+ 50. Kxd4 g5 51. hxg5 Ra2 52. g6 Ra7 53. Rd6 Rg7 54. c6 h4 55. gxh4 1-0

[Event "*** Titled Tuesday Blitz"]
[Site "Chess.com"]
[Date "2019.06.04"]
[Round "4"]
[White "Tjktiger"]
[Black "Vamostodorecto"]
[Result "1-0"]
[WhiteElo "2711"]
[BlackElo "2433"]
[TimeControl "180+2"]
[EndTime "13:52:46 PDT"]
[Termination "Tjktiger won by resignation"]

1. c4 e5 2. Nc3 Nc6 3. Nf3 g6 4.
d4 exd4 5. Nxd4 Bg7 6. Nxc6 bxc6 7. g3 Ne7 8. Bg2 O-O 9. O-O d6 10. Qc2 Be6 11. b3 Qd7 12. Bb2 Bf5 13. Ne4 a5 14. Rad1 a4 15. Bxg7 Kxg7 16. Qc3+ f6 17. Nc5 Qc8 18.
Nxa4 Bh3 19. e4 Bxg2 20. Kxg2 c5 21. Qe3 Nc6 22. Rd2 Nd4 23. Rxd4 cxd4 24. Qxd4 Re8 25. Nc3 Qb7 26. Nd5 Re6 27. a4 Rae8 28. f3 Re5 29. b4 c6 30. Nxf6 R8e6 31. Ng4 Qxb4 32. f4 h5 33. Nf2 c5 34. Qa1 Qxc4 35. fxe5 dxe5 36.
Rc1 Qe2 37. Re1 Qc2 38. Qd1 Qa2 39. Qd5 Qxd5 40. exd5 Re8 41. Ne4 c4 42. Rc1 Rd8 43. d6 Rc8 44. a5 Kf7 45. d7 Rd8 46. Rd1 Ke7 47. a6 c3 48. Nxc3 Ra8 49. d8=Q+ Rxd8 50. Rxd8 Kxd8 51. a7 1-0

[Event "*** Titled Tuesday Blitz"]
[Site "Chess.com"]
[Date "2019.06.04"]
[Round "4"]
[White "GMHess"]
[Black "fastestmindalive"]
[Result "0-1"]
[WhiteElo "2655"]
[BlackElo "2805"]
[TimeControl "180+2"]
[EndTime "13:52:49 PDT"]
[Termination "fastestmindalive won by resignation"]

1. b3 e5 2. Bb2 Nc6 3. e3 Nf6 4. Bb5 Bd6 5. Ne2 e4 6. Bxc6 dxc6 7. Ng3 h5 8. Bxf6 Qxf6 9. Nc3 Be5 10. Ncxe4 Qg6 11.
d4 Bxg3 12. Nxg3 h4 13. Ne2 Qxg2 14. Rg1 Qxh2 15. Qd3 Be6 16. Qe4 O-O-O 17. Rh1 Qd6 18. Rxh4 Rxh4 19. Qxh4 Qb4+ 20. Kf1 Qd2 21. Qe4 Rh8 22.
Ng3 Rh2 23. Qf4 Bh3+ 24. Kg1 Rg2+ 25. Kh1 Rxf2 26. Ne4 Rxf4 27. Nxd2 Rf2 28. Rd1 Bg4 29. Kg1 Bxd1 30. Kxf2 Bxc2 31. Nc4 f6 32. Nd2 Bh7 33. e4 Kd7 34. Ke3 b6 35. Nf3 a5 36. a3 Bg8 37. b4 axb4 38. axb4 Kd6 39. Nh4 Be6 40. Ng6 c5 41. bxc5+ bxc5 42. dxc5+ Kxc5 43. Nf4 Bf7 44. Nd3+ Kd6 45. Kd4 g5 46. e5+ fxe5+ 47. Nxe5 Bd5 48. Nd3 g4 49. Ke3 g3 50. Nf4 g2 51. Kf2 Ke5 52.
Nxg2 Bxg2 53. Kxg2 Kd4 54. Kf2 Kd3 55. Ke1 c5 56.
Kd1 c4 57. Kc1 Kc3 0-1

[Event "*** Titled Tuesday Blitz"]
[Site "Chess.com"]
[Date "2019.06.04"]
[Round "4"]
[White "chessking2151"]
[Black "chessmattersX"]
[Result "1-0"]
[WhiteElo "2574"]
[BlackElo "2454"]
[TimeControl "180+2"]
[EndTime "13:52:55 PDT"]
[Termination "chessking2151 won by resignation"]

1. d4 d5 2. Nf3 Nf6 3. c4 c6 4. e3 Bf5 5. Nc3 e6 6. Nh4 Be4 7. Qb3 Qb6 8. Qxb6 axb6 9. Nxe4 Nxe4 10. a3 Bb4+ 11. Ke2 Be7 12. Nf3 dxc4 13. Ne5 b5 14. g3 Nd7 15. Bg2 Nxe5 16. Bxe4 Nd7 17. g4 h5 18. h3 Nf6 19. Bg2 hxg4 20. hxg4 Rxh1 21. Bxh1 Nxg4 22. Bd2 g6 23. e4 Nf6 24. Rc1 Kd7 25.
Bg5 Rh8 26. Bf3 Ng8 27. Be3 f5 28. d5 fxe4 29. dxc6+ bxc6 30. Bxe4 Nf6 31. Rd1+ Nd5 32. Bxg6 Bf6 33. Bc1 Kc7 34. Be4 Rh4 35. Kf3 Rh3+ 36. Ke2 Rb3 37. Bc2 Rh3 38. Rg1 Bd4 39. Rg4 Bc5 40. Bd2 Kb6 41. Rg8 Rh2 42. Be1 Rh3 43.
Re8 Nc7 44. Rb8+ Ka7 45. Rc8 Kb7 46. Rg8 e5 47. Be4 Bd4 48. Rg6 Rb3 49. Rxc6 Rxb2+ 50.
Kf3 Kc8 51. Bf5+ Kb7 52. Be4 Rb3+ 53. Kg4 Kb8 54. Ba5 Na8 55. Rf6 Rxa3 56. Rf8+ 1-0

[Event "*** Titled Tuesday Blitz"]
[Site "Chess.com"]
[Date "2019.06.04"]
[Round "4"]
[White "MathiasWomacka"]
[Black "matiss90"]
[Result "0-1"]
[WhiteElo "2304"]
[BlackElo "2459"]
[TimeControl "180+2"]
[EndTime "13:52:56 PDT"]
[Termination "matiss90 won by checkmate"]

1. e4 c5 2. Nf3 d6 3. d4 cxd4 4. Nxd4 Nf6 5. Nc3 g6 6. Be3 Bg7 7. f3 O-O 8. Qd2 Nc6 9. O-O-O d5 10. exd5 Nxd5 11. Nxc6 bxc6 12. Bd4 Nxc3 13. Qxc3 Bh6+ 14. Be3 Bxe3+ 15. Qxe3 Qb6 16. Qxe7 Be6 17. Qa3 c5 18. Bd3 c4 19. Be4 Rab8 20. Qc3 a5 21. h4 Qb4 22. Qxb4 axb4 23. Rd6 Rfc8 24. Rhd1 Kg7 25.
Bd5 Bxd5 26. R1xd5 b3 27. axb3 cxb3 28. c3 Ra8 29.
Rb5 Ra1+ 30. Kd2 Rg1 31. Rxb3 Rxg2+ 32. Kd3 Rg3 33. Ke4 Re8+ 34. Kf4 Rg2 35. Rb7 h6 36. Rdd7 g5+ 37. hxg5 hxg5+ 38. Kf5 Rf8 39. c4 Rf2 40. Kxg5 Rxf3 41. c5 Rg8 42. c6 Kh8+ 43. Kh4 Rf6 44. Kh5 Rf5+ 45. Kh6 Rf1 46. Rd5 Rg6+ 47. Kh5 Rh1# 0-1

[Event "*** Titled Tuesday Blitz"]
[Site "Chess.com"]
[Date "2019.06.04"]
[Round "4"]
[White "Yashasd1995"]
[Black "SloLev"]
[Result "0-1"]
[WhiteElo "2497"]
[BlackElo "2498"]
[TimeControl "180+2"]
[EndTime "13:52:56 PDT"]
[Termination "SloLev won on time"]

1. b3 d5 2. Bb2 Nd7 3. f4 Ngf6 4. Nf3 e6 5. e3 Bd6 6. Be2 b6 7. O-O Bb7 8. Ne5 Qe7 9. d3 O-O-O 10. a4 h5 11. a5 Bc5 12. d4 Bd6 13. axb6 axb6 14. Nc3 c6 15. Ra7 Bb8 16. Ra2 Nxe5 17. fxe5 Nd7 18.
Ba6 Bxa6 19. Rxa6 Kb7 20. Qe2 Bc7 21. Ba3 Qe8 22. Bb4 f6 23. Rfa1 Nb8 24. Ra7+ Kc8 25. Bd6 Rd7 26. Bxc7 Rxc7 27. Rxc7+ Kxc7 28. Ra7+ Kc8 29. Rxg7 fxe5 30. dxe5 Qf8 31. Ra7 Qc5 32. Na4 Qb4 33. h3 Rf8 34. Qxh5 Qe1+ 35. Kh2 Qxe3 36. Qh4 Qxe5+ 37. Qg3 Rf5 38. Nxb6+ Kd8 39. Ra8 Qxg3+ 40. Kxg3 Kc7 41. Na4 Nd7 42. Ra7+ Kd6 43. Nc3 e5 44. h4 e4 45. Kg4 Rf2 46. g3 Rxc2 47. Nd1 d4 48. h5 e3 49. Ra4 c5 50. Ra6+ Kd5 51. Ra1 Rh2 0-1

[Event "*** Titled Tuesday Blitz"]
[Site "Chess.com"]
[Date "2019.06.04"]
[Round "4"]
[White "gemarin"]
[Black "savinspm"]
[Result "1-0"]
[WhiteElo "2060"]
[BlackElo "2071"]
[TimeControl "180+2"]
[EndTime "13:52:58 PDT"]
[Termination "gemarin won by checkmate"]

1. d4 Nf6 2. c4 e6 3. Nf3 Bb4+ 4.
Bd2 Qe7 5. e3 b6 6. Bd3 Bb7 7.
O-O O-O 8. a3 Bxd2 9. Nfxd2 d6 10.
Nc3 Nbd7 11. b4 c5 12. Re1 h6 13. Rb1 Rfc8 14. Nf3 e5 15. Bf1 e4 16. Nd2 Nf8 17. d5 Re8 18. bxc5 dxc5 19. Nb5 Ba6 20.
d6 Qd7 21. Nc7 Bb7 22. Nxa8 Rxa8 23. Nb3 Rd8 24. Qd2 Qxd6 25. Qxd6 Rxd6 26. Red1 Rxd1 27. Rxd1 Ne6 28. g3 Kf8 29. a4 a5 30. Rb1 Bc6 31. Nd2 Nd7 32. Be2 f5 33. Bd1 Ke7 34. h4 g6 35. g4 f4 36. Bc2 fxe3 37. fxe3 g5 38. hxg5 Nxg5 39. Kf2 Kd6 40. Kg3 Ke5 41. Rf1 Nf6 42.
Rf5+ Ke6 43. Rf4 Ke5 44. Rf1 Ke6 45. Rh1 Nf7 46. Kf4 Ne5 47. Nxe4 Nexg4 48. Nxf6 Nxf6 49. Rxh6 Ke7 50. e4 Be8 51. e5 Nd7 52. Rh7+ Ke6 53. Bf5# 1-0

[Event "*** Titled Tuesday Blitz"]
[Site "Chess.com"]
[Date "2019.06.04"]
[Round "4"]
[White "Ambitiousresolutions"]
[Black "JozefKneht"]
[Result "1-0"]
[WhiteElo "2606"]
[BlackElo "2515"]
[TimeControl "180+2"]
[EndTime "13:53:07 PDT"]
[Termination "Ambitiousresolutions won by resignation"]

1. e4 Nf6 2. e5 Nd5 3. d4 d6 4. Nf3 Bg4 5. Be2 e6 6. c4 Nb6 7. exd6 cxd6 8. Nc3 Be7 9. h3 Bh5 10. O-O O-O 11. b3 Nc6 12. d5 Bf6 13. dxc6 Bxc3 14. cxb7 Rb8 15. Rb1 Rxb7 16. Ba3 Rd7 17. Qc2 Bf6 18.
Rfd1 Qc7 19. Rd2 Rc8 20. Rbd1 d5 21. Qb1 Bg6 22. Bd3 dxc4 23. Bxg6 hxg6 24. Rxd7 Nxd7 25.
bxc4 Nb6 26. c5 Nc4 27. Qd3 Nxa3 28. Qxa3 Qxc5 29. Qa6 Qc7 30. g3 Rb8 31. Rd2 Qb7 32. Qe2 Rd8 33. Rxd8+ Bxd8 34. Kg2 Bb6 35. Qc4 Qd5 36.
Qxd5 exd5 37. Kf1 f6 38. Ke2 g5 39. g4 Kf7 40. Ne1 Ke6 41. Nd3 g6 42. f4 Bc7 43.
fxg5 fxg5 44. Ne1 Bd6 45. Nf3 Be7 46. Kd3 Kd6 47. Kd4 Bf6+ 48. Kd3 Kc5 49. Nd2 Kb4 50. Kc2 a5 51. Nf3 a4 52. Ne1 Kc4 53. Nf3 d4 54.
Nd2+ Kd5 55. Kd3 Ke5 56. Nf3+ Kf4 57. Nd2 Kg3 58. Ne4+ Kxh3 59. Nxf6 1-0

[Event "*** Titled Tuesday Blitz"]
[Site "Chess.com"]
[Date "2019.06.04"]
[Round "4"]
[White "flubs"]
[Black "Spring199"]
[Result "1-0"]
[WhiteElo "2322"]
[BlackElo "2207"]
[TimeControl "180+2"]
[EndTime "13:53:07 PDT"]
[Termination "flubs won on time"]

1. c4 e5 2. g3 Nf6 3. Bg2 g6 4. Nf3 Nc6 5. d4 Bg7 6. Nxe5 Nxe5 7. dxe5 Ng4 8. f4 O-O 9. e4 d6 10. exd6 cxd6 11. h3 Nh6 12. O-O Qb6+ 13. Kh2 Bxb2 14. Bxb2 Qxb2 15. Nd2 Kg7 16. Nb3 Be6 17. Qxd6 Bxc4 18.
Rfd1 Rad8 19. Qb4 Be2 20. Rdb1 Qf6 21. Qxb7 Qc3 22. Rc1 Qe3 23. Rc7 Bf3 24. Qxa7 Qe2 25. Rg1 Rd1 26. Nd4 Rxg1 27. Nxe2 Rxg2+ 28. Kh1 Rxe2+ 29. Kg1 Rd8 30. Rd7 Rxd7 31. Qxd7 Rg2+ 32. Kf1 Rxg3 33. Kf2 Rg2+ 34. Kxf3 Rxa2 35. Qd4+ Kg8 36.
Qb4 Rh2 37. Kg3 Rc2 38. Qb3 Rc8 39. Qd3 Kg7 40. Kf2 Ng8 41. Qd4+ Nf6 42. e5 Nh5 43.
e6+ Nf6 44. e7 Re8 45. Qe5 h6 46. h4 h5 47. Ke2 Ra8 48. Kd1 Rc8 49. Kd2 Ra8 50.
Kc1 1-0

[Event "*** Titled Tuesday Blitz"]
[Site "Chess.com"]
[Date "2019.06.04"]
[Round "4"]
[White "SalgadoChess91"]
[Black "LuckIsMySkill"]
[Result "1-0"]
[WhiteElo "2886"]
[BlackElo "2662"]
[TimeControl "180+2"]
[EndTime "13:53:08 PDT"]
[Termination "SalgadoChess91 won by resignation"]

1. d4 b5 2. e4 a6 3. Bd3 Bb7 4. Qe2 e6 5. Nf3 c5 6. dxc5 Bxc5 7. a4 b4 8. Nbd2 d6 9. Nb3 Nd7 10. Bf4 Ngf6 11. Rd1 e5 12. Bg5 h6 13. Bh4 Ba7 14.
Nfd2 Qc7 15. O-O g5 16. Bg3 Nc5 17. Nxc5 Bxc5 18. Kh1 a5 19. Bb5+ Kf8 20. f3 Kg7 21. Nc4 Nh5 22. Bf2 Rhd8 23. Bxc5 Qxc5 24. Ne3 Nf4 25. Qf2 Bc8 26. Bc4 Be6 27. b3 Rac8 28.
g3 Ng6 29. Rd2 Bxc4 30. Nxc4 d5 31. exd5 Rxd5 32. Qxc5 Rcxc5 33. Rfd1 Rxd2 34. Rxd2 Nf8 35. Rd6 Ne6 36. Ra6 Nd4 37. Rxa5 Rc7 38. Rxe5 Nxc2 39. Rd5 Na1 40. Rb5 Nxb3 41. Rxb4 Nd4 42. Nd2 Rc1+ 43. Kg2 Nf5 44. Kf2 Rc2 45. Ke2 Ra2 46. Kd3 h5 47. Rb5 Ra3+ 48. Nb3 Nd6 49. Rb6 Nf5 50. a5 g4 51. fxg4 hxg4 52. a6 Ra2 53. Rb5 Nd6 54.
Ra5 Rb2 55. Kc3 Rxh2 56. a7 1-0

[Event "*** Titled Tuesday Blitz"]
[Site "Chess.com"]
[Date "2019.06.04"]
[Round "4"]
[White "Cruel_Yaro"]
[Black "Thee-Chessboy"]
[Result "0-1"]
[WhiteElo "2784"]
[BlackElo "2440"]
[TimeControl "180+2"]
[EndTime "13:53:08 PDT"]
[Termination "Thee-Chessboy won by resignation"]

1. Nf3 Nf6 2. g3 g6 3. Bg2 Bg7 4. O-O O-O 5. d4 d6 6. Nbd2 c5 7. dxc5 dxc5 8. e4 Nc6 9. Qe2 e5 10. c3 h6 11. Nc4 Qc7 12. Rd1 Be6 13. a4 Rfd8 14. Re1 Rd7 15. Nfd2 Rad8 16. Nf1 Rd3 17. Nfe3 R3d7 18. h4 h5 19. Nd2 Na5 20. b4 cxb4 21. cxb4 Nc6 22. b5 Nd4 23. Qf1 Bh6 24. Ra3 Bf8 25. Rd3 Rc8 26. Bb2 Qa5 27. Ra1 Nc2 28.
Nxc2 Rxc2 29. Bxe5 Ng4 30. Rxd7 Bxd7 31. Bf4 Be6 32. Qd1 Qc3 33. Bf3 Bc5 34. Bxg4 Bxg4 35. Qe1 Bd4 36. Rb1 Be6 37. Qe2 f6 38. Rd1 Kg7 39. Kg2 Bg4 40. f3 Be6 41. Re1 Bc4 42.
Qd1 Bd3 43. g4 hxg4 44. fxg4 Be5 45. Be3 Qb2 46. Kf3 Bc3 47. Nc4 Bxc4 48. Qd7+ Bf7 49. h5 Bxe1 50. h6+ Kg8 51. h7+ Kg7 52. Bh6+ Kxh6 53.
h8=Q+ Kg5 54. Qd3 Rc3 0-1

[Event "*** Titled Tuesday Blitz"]
[Site "Chess.com"]
[Date "2019.06.04"]
[Round "4"]
[White "quesfr"]
[Black "Taabling"]
[Result "0-1"]
[WhiteElo "2163"]
[BlackElo "2257"]
[TimeControl "180+2"]
[EndTime "13:53:09 PDT"]
[Termination "Taabling won by resignation"]

1. e4 e5 2. Nc3 Bc5 3. Nf3 d6 4. Na4 Nc6 5. Nxc5 dxc5 6. h3 Nf6 7. Bb5 Bd7 8. d3 Qe7 9. Bxc6 Bxc6 10. Bg5 h6 11. Bxf6 Qxf6 12. Qd2 O-O-O 13. Qc3 Rhe8 14. Qxc5 b6 15. Qc3 Kb7 16. O-O-O a5 17. Kb1 g5 18.
Rdf1 Rd6 19. Nd2 h5 20. Nc4 Rde6 21. Qb3 Kc8 22. Ne3 Bb7 23. a3 Rd6 24. Nc4 Rd4 25. Qc3 Qe6 26. Ne3 Rd6 27. Nf5 Rc6 28. Qd2 Rg8 29. g3 Kb8 30. h4 g4 31. Ne3 Rd6 32. Nc4 Qxc4 33. Qe2 Qe6 34. Rhg1 f5 35. exf5 Qxf5 36.
Qe3 Bf3 37. Re1 Re8 38. d4 e4 39.
c3 Kb7 40. Ka1 a4 41. Rc1 Red8 42. Rge1 Qf7 43. Qd2 Rd5 44. Qc2 Ra5 45. Re3 Qc4 46.
Rce1 Rdd5 47. Qd2 Rab5 48. Qc1 Rb3 49. Qc2 Rdb5 50. Rb1 Qd5 51. Ree1 Qd6 52. Qd2 e3 53. Rxe3 Qxa3+ 54. bxa3 Rxb1+ 55. Ka2 Bd5+ 56. c4 Bxc4+ 57. Rb3 R5xb3 0-1

[Event "*** Titled Tuesday Blitz"]
[Site "Chess.com"]
[Date "2019.06.04"]
[Round "4"]
[White "vinniethepooh"]
[Black "MishkaFighter"]
[Result "0-1"]
[WhiteElo "2570"]
[BlackElo "2375"]
[TimeControl "180+2"]
[EndTime "13:53:10 PDT"]
[Termination "MishkaFighter won on time"]

1. d4 d6 2. c4 e5 3. Nc3 exd4 4. Qxd4 Nc6 5. Qd2 Nf6 6. b3 g6 7. Bb2 Bg7 8. e4 O-O 9. Bd3 Re8 10. Nge2 Ne5 11. Bc2 c6 12. O-O Qb6 13. Na4 Qc7 14.
f3 d5 15. f4 Neg4 16. h3 Nh6 17. e5 Ne4 18. Bxe4 dxe4 19. Ng3 Nf5 20. Nxe4 Be6 21. Nac5 Rad8 22. Qf2 Bc8 23. g4 Nh6 24. Nf6+ Bxf6 25.
exf6 b6 26. Qh4 Nxg4 27. hxg4 h5 28. Na4 Bxg4 29. Qg5 Kh7 30. Be5 Qd7 31. Nc3 Qd3 32. Qh4 Rxe5 33. fxe5 Qxc3 34. Rae1 Qd4+ 35. Qf2 Qxf2+ 36.
Rxf2 Be6 37. c5 bxc5 38. Rc1 Rd5 39. Re2 g5 40. Kf2 Kg6 41. Kg3 h4+ 42. Kf3 Kf5 43. Rf1 g4+ 44. Kg2+ Kg5 45. Re4 Rd2+ 46. Rf2 h3+ 47.
Kg1 Rd1+ 48. Rf1 h2+ 0-1